 Dungeon Crawl Stone Soup version 0.24.0-13-gcf9b3192b9 (webtiles) character file.

Game seed: 12937434682712626915, levelgen mode: deterministic

2249 Aviak the Skirmisher (level 9, 0/76 (78) HPs)
             Began as a Ghoul Summoner on Nov 5, 2019.
             Was an Initiate of Trog.
             Slain by a sky beast (6 damage)
             ... on level 6 of the Dungeon.
             The game lasted 00:14:40 (8360 turns).

Aviak the Skirmisher (Ghoul Summoner)               Turns: 8360, Time: 00:14:41

HP:   0/76 (78)     AC:  7    Str: 15    XL:     9   Next: 37%
MP:   10/10         EV: 10    Int: 10    God:    Trog [......]
Gold: 422           SH:  9    Dex:  9    Spells: 10/11 levels left

rFire    + . .     SeeInvis .   w - +0 whip (elec)
rCold    + + .     Gourm    .   s - +0 shield
rNeg     + + +     Faith    +   d - +1 ring mail
rPois    ∞         Spirit   .   (no helmet)
rElec    .         Reflect  .   h - scarf {rC+ rF+}
rCorr    +         Harm     .   (no gloves)
MR       .....                  (no boots)
Stlth    +.........             m - amulet of faith {!P}
HPRegen  0.00/turn              (no ring)
MPRegen  0.12/turn              q - ring of resist corrosion

@: rotting
A: rotting body, claws 1, carnivore, cold resistance 1, negative energy
resistance 3, inhibited regeneration, torment resistance, unbreathing
a: Renounce Religion


You were on level 6 of the Dungeon.
You worshipped Trog.
Trog was noncommittal.
You were not hungry.

You visited 2 branches of the dungeon, and saw 8 of its levels.

You collected 422 gold pieces.

Inventory:

Hand Weapons
 g - a +0 mace
 p - a +2 antimagic spear
 w - a +0 whip of electrocution (weapon)
Armour
 a - a +0 robe
 d - a +1 ring mail (worn)
 h - a scarf of resistance (worn)
 s - a +0 shield (worn)
Jewellery
 b - an uncursed ring of magical power
 f - an uncursed ring of ice
 m - an amulet of faith (around neck) {!P}
 q - a ring of resist corrosion (right claw)
Wands
 k - a wand of random effects (15)
 x - a wand of polymorph (3)
Scrolls
 e - a scroll of immolation
 j - 2 scrolls of amnesia
 l - a scroll of fog
 r - 3 scrolls of remove curse
Comestibles
 c - 7 rations


   Skills:
 + Level 6.8 Fighting
 + Level 5.5 Maces & Flails
 + Level 4.5 Armour
 - Level 4.0 Dodging
 - Level 2.1 Stealth
 + Level 4.3 Shields
 - Level 1.7 Spellcasting
 - Level 3.6 Summonings


You had 10 spell levels left.
You knew the following spells:

 Your Spells              Type           Power        Failure   Level  Hunger
a - Summon Small Mammal   Summ           #...         50%         1    ##.....

Your spell library contained the following spells:

 Spells                   Type           Power        Failure   Level  Hunger
 Call Imp                 Summ           #.......     63%         2    ###....
 Call Canine Familiar     Summ           #.......     86%         3    ####...
 Summon Guardian Golem    Hex/Summ       #.......     98%         3    ####...
 Summon Ice Beast         Ice/Summ       #.......     100%        4    #####..
 Summon Lightning Spire   Summ/Air       #.......     100%        4    #####..


Dungeon Overview and Level Annotations

Branches:
Dungeon (7/15)             Temple (1/1) D:5

Altars:
Ashenzari
Dithmenos
Elyvilon
Fedhas
Hepliaklqana
Kikubaaqudgha
Nemelex Xobeh
Qazlal
Ru
Sif Muna
Trog
Uskayaw
Vehumet
Wu Jian
Xom
Yredelemnul
The Shining One


Innate Abilities, Weirdness & Mutations

Your body is rotting away.
You thrive on raw meat.
You are immune to poison.
You have sharp fingernails.
You are carnivorous and can eat meat at any time.
Your flesh is cold resistant. (rC+)
You are immune to negative energy. (rN+++)
You do not regenerate when monsters are visible.
You are immune to unholy pain and torment.
You can survive without breathing.


Message History

You block the sky beast's attack. The orc hits you with a +0 falchion.
* * * LOW HITPOINT WARNING * * *
You climb upwards.
There is a stone staircase leading down here.
Unknown command.
Unknown command.
Unknown command.
You can't go up here!
You closely miss the sky beast.
The sky beast is almost dead.
You block the sky beast's attack.
You hit the sky beast but do no damage.
The sky beast is almost dead.
The sky beast flickers out of sight!
Deactivating autopickup; reactivate with Ctrl-A.
Something hits you but does no damage.
You closely miss something. Something hits you.
* * * LOW HITPOINT WARNING * * *
Something shocks you.
You die...

####### ###############.....#
######### ..............#.....#
#.......# ..............#.....#
#.......' ..............#.....#
#.......# ..............'.....#
#.......# ..............#..{..#
#.......# ..............#.@...#
#.......# ..............#.....#
#.......#
###....########.....#############
###....#..................#.....#
.......#..................#......
.......#..................#......
.......#...........(......#......
.####'##..................#......
.#........................##'####


There were no monsters in sight!

Vanquished Creatures
  Grinder (D:6)
  2 ice beasts
  A phantom (D:6)
  A centaur (D:6)
  5 ogres
  3 bullfrogs
  A wyvern skeleton (D:7)
  A scorpion (D:6)
  4 howler monkeys (D:6)
  2 crimson imps
  5 hounds
  A jelly (D:6)
  2 quasits
  A bullfrog zombie (D:5)
  2 orc priests
  A bullfrog skeleton (D:4)
  A centaur skeleton (D:4)
  3 iguanas
  An orc wizard (D:5)
  5 worker ants
  A hound zombie (D:6)
  A hound skeleton (D:6)
  2 worker ant zombies
  A gnoll (D:1)
  An adder (D:5)
  An adder skeleton (D:4)
  2 worms
  2 dart slugs
  2 leopard geckos
  14 orcs
  8 giant cockroaches
  5 hobgoblins
  4 jackals
  5 kobolds
  A quokka (D:2)
  12 bats
  4 frilled lizards
  7 goblins
  A jackal skeleton (D:5)
  A quokka skeleton (D:6)
  3 rats
121 creatures vanquished.

Vanquished Creatures (collateral kills)
  2 orcs (D:3)
  A kobold (D:2)
3 creatures vanquished.

Grand Total: 124 creatures vanquished

Notes
Turn   | Place    | Note
-------+----------+-------------------------------------------
     0 | D:1      | Aviak the Ghoul Summoner began the quest for the Orb.
     0 | D:1      | Reached XP level 1. HP: 14/14 MP: 2/2
   213 | D:1      | Reached skill level 1 in Fighting
   232 | D:1      | Reached XP level 2. HP: 19/22 MP: 3/3
   697 | D:1      | Reached XP level 3. HP: 16/28 MP: 4/4
  1009 | D:1      | Reached skill level 1 in Maces & Flails
  1509 | D:2      | Reached skill level 2 in Fighting
  1772 | D:2      | Reached XP level 4. HP: 32/36 MP: 5/5
  3166 | D:4      | Reached XP level 5. HP: 14/42 MP: 6/6
  3171 | D:4      | Reached skill level 3 in Fighting
  3444 | D:4      | Reached XP level 6. HP: 41/51 MP: 7/7
  3453 | D:4      | Found a shimmering altar of Xom.
  4188 | D:5      | Entered Level 5 of the Dungeon
  4317 | D:5      | Found a staircase to the Ecumenical Temple.
  4327 | Temple   | Entered the Ecumenical Temple
  4337 | Temple   | Became a worshipper of Trog the Wrathful
  4513 | D:5      | Reached skill level 4 in Fighting
  4513 | D:5      | Reached skill level 1 in Armour
  4513 | D:5      | Reached XP level 7. HP: 32/59 MP: 8/8
  4683 | D:5      | Reached skill level 1 in Shields
  5074 | D:5      | Found a shadowy altar of Dithmenos.
  5092 | D:5      | Reached XP level 8. HP: 45/67 MP: 9/9
  5101 | D:5      | Reached skill level 5 in Fighting
  6392 | D:6      | Noticed Grinder
  6397 | D:6      | Paralysed by Grinder for 6 turns
  6415 | D:6      | Paralysed by Grinder for 7 turns
  6569 | D:6      | Found a sparkling altar of Nemelex Xobeh.
  6631 | D:5      | Reached skill level 6 in Fighting
  6739 | D:6      | Reached skill level 5 in Maces & Flails
  6767 | D:6      | Reached XP level 9. HP: 68/75 MP: 10/10
  6814 | D:6      | Killed Grinder
  7048 | D:7      | Found an ornate altar of the Wu Jian Council.
  7829 | D:7      | Reached * piety under Trog
  8360 | D:6      | Slain by a sky beast

Levels and vault maps discovered:
D:1:      lightli_arrival_chessboard, layout_loops_ring
D:2:      layout_basic
D:3:      layout_basic
D:4:      layout_basic, xom_butterflies, first_ration
D:5:      layout_loops_ring, minmay_temple_entry_arrows,
          nicolae_dithmenos_the_darkroom
D:6:      layout_gridville, nemelex_diamond_rough_becter, uniq_grinder
D:7:      layout_cave_pools, lightli_temple_of_fire,
          nicolae_overflow_crystal_walls
Temple:   nicolae_temple_no_exploring_needed

Skill      XL: |  1  2  3  4  5  6  7  8  9 |
---------------+----------------------------+-----
Dodging        | 2 3 4 |  4.0
Fighting       | 1 2 3 4 6 |  6.8
Maces & Flails | 1 2 3 4 5 |  5.5
Armour         | 1 2 4 |  4.5
Shields        | 2 3 4 |  4.3
Stealth        | |  2.1
Spellcasting   | |  1.7
Summonings     | |  3.6

Action                   |  1- 3 |  4- 6 |  7- 9 || total
-------------------------+-------+-------+-------++-------
Melee: Mace              |   143 |    48 |       ||   191
       Unarmed           |     8 |       |       ||     8
       Whip              |       |   160 |   396 ||   556
 Cast: Summon Small Mamm |    12 |    24 |       ||    36
Evoke: Wand              |       |       |     6 ||     6
  Use: Scroll            |     2 |       |    11 ||    13
       Potion            |       |     9 |     1 ||    10
 Stab: Sleeping          |     3 |     1 |       ||     4
       Invisible         |       |     1 |       ||     1
       Confused          |       |       |     2 ||     2
  Eat: Chunk             |     4 |    13 |    20 ||    37
Armor: Ring mail         |    89 |    72 |   123 ||   284
       Robe              |     4 |       |       ||     4
Dodge: Dodged            |   133 |   113 |   140 ||   386
Block: Shield            |       |     6 |   165 ||   171
